Workbook

Sheet 請求書
AO1: （業者控①）
AG2: 2026 | AI2: 年 | AL2: 月 | AM2: 15 | AO2: 日
A3: 請 求 書
A4: 沢設備工事株式会社 御中
AC5: 【請求者】
A6: 請求金額 | E6: =IF(H21="","",H21) -> 0 | AC6: 取引先コード
T7: 〇 | AC7: 住 所 | AH7: -
A8: 工 事 名 | Q8: 契約分
A9: 工 種/品 名 | Q9: 無契約分 | AC9: 商号又は
AC10: 名 称
A11: 下記の通り御請求申し上げます。 | AC11: 電話番号 | AI11: - | AL11: -
AC12: FAX番号 | AI12: - | AL12: -
H13: 金 額 | AC13: 登録番号 | AF13: T
B14: 注文金額
B15: 既受領金額 | AC15: ※新規でのお取引や口座変更があった場合にのみご記入ください。
B16: 今回請求金額 | AC16: 金融機関
B17: 今回迄累計 | AC17: 支店名
B18: 残高 | H18: =IF(H15="","",H15-H16-H17) | AC18: （フリガナ）口座名義
B19: 控除額 | H19: =IF(H17="","",H17*10%)
B20: 消費税 | E20: 0.1 | H20: =+H16*0.1 -> 0 | AC20: 預金種別 | AF20: 普通 | AH20: 口座番号
B21: 総計 | H21: =+H16+H20 -> 0
A22: 毎月１５日締切 ２０日必着 翌月１５日支払（金融機関が休みの場合は後日に支払となります。）
AO23: （経理部控②）
AF24: 西暦 | AG24: =IF(請求書!$AG$2="","",請求書!$AG$2) -> 2026 | AI24: 年 | AJ24: =IF(請求書!$AJ$2="","",請求書!$AJ$2) | AL24: 月 | AM24: =+AM2 -> 15 | AO24: 日
A25: 請 求 書
A26: 沢設備工事株式会社 御中
AC27: 【請求者】
A28: 請求金額 | E28: =IF($E$6="","",$E$6) -> 0 | AC28: 取引先コード | AF28: =IF($AF$6="","",$AF$6)
AC29: 住 所 | AF29: 〒 | AG29: =IF($AF$7="","",$AF$7) | AI29: - | AJ29: =IF($AI$7="","",$AI$7)
A30: 工 事 名 | E30: =IF($E$8="","",$E$8) | Q30: 契約分 | T30: =IF($T$8="","",$T$8) | AF30: =IF($AF$8="","",$AF$8)
A31: 工 種/品 名 | E31: =IF($E$9="","",$E$9) | Q31: 無契約分 | T31: =IF($T$9="","",$T$9) | AC31: 商号又は | AF31: =IF($AF$9="","",$AF$9)
AC32: 名 称 | AF32: =IF(請求書!$AF$9="","",請求書!$AF$9)
A33: 下記の通り御請求申し上げます。 | AC33: 電話番号 | AF33: =IF($AF$11="","",$AF$11) | AI33: - | AJ33: =IF($AJ$11="","",$AJ$11) | AL33: - | AM33: =IF($AM$11="","",$AM$11)
AC34: FAX番号 | AF34: =IF($AF$12="","",$AF$12) | AI34: - | AJ34: =IF($AJ$12="","",$AJ$12) | AL34: - | AM34: =IF($AM$12="","",$AM$12)
H35: 金 額(税抜) | AC35: 登録番号 | AF35: T | AG35: =IF($AG$13="","",$AG$13)
B36: 契約金額 | H36: =IF($H$14="","",$H$14)
B37: 既受領金額 | H37: =IF($H$15="","",$H$15)
B38: 今回請求金額 | H38: =IF($H$16="","",$H$16)
B39: 今回迄累計 | H39: =IF($H$17="","",$H$17)
B40: 残高 | H40: =IF($H$18="","",$H$18)
B41: 控除額 | H41: =IF($H$19="","",$H$19)
B42: 消費税 | E42: 0.1 | H42: =IF($H$20="","",$H$20) -> 0
B43: 合 計 | H43: =IF($H$21="","",$H$21) -> 0
AO45: （電算控③）
AF46: 西暦 | AG46: =IF(請求書!$AG$2="","",請求書!$AG$2) -> 2026 | AI46: 年 | AJ46: =IF(請求書!$AJ$2="","",請求書!$AJ$2) | AL46: 月 | AM46: =+AM24 -> 15 | AO46: 日
A47: 請 求 書
A48: 沢設備工事株式会社 御中
AC49: 【請求者】
A50: 請求金額 | E50: =IF($E$6="","",$E$6) -> 0 | AC50: 住 所 | AF50: 〒 | AG50: =IF($AF$7="","",$AF$7) | AI50: - | AJ50: =IF($AI$7="","",$AI$7)
AF51: =IF(請求書!$AF$8="","",請求書!$AF$8)
A52: 工 事 名 | E52: =IF($E$8="","",$E$8) | Q52: 契約分 | T52: =IF(請求書!T8="","",請求書!T8) | AC52: 商号又は | AF52: =IF(請求書!$AF$9="","",請求書!$AF$9)
A53: 工 種/品 名 | E53: =IF($E$9="","",$E$9) | Q53: 無契約分 | T53: =IF(請求書!T9="","",請求書!T9) | AC53: 名 称
AC54: 電話番号 | AF54: =IF(請求書!$AF$11="","",請求書!$AF$11) | AI54: - | AJ54: =+AJ33 | AL54: - | AM54: =+AM33
A55: 下記の通り御請求申し上げます。 | AC55: FAX番号 | AF55: =IF(請求書!$AF$12="","",請求書!$AF$12) | AI55: - | AJ55: =IF(請求書!$AJ$12="","",請求書!$AJ$12) | AL55: - | AM55: =IF(請求書!$AM$12="","",請求書!$AM$12)
AC56: 登録番号 | AF56: T | AG56: =IF(請求書!$AG$13="","",請求書!$AG$13)
H57: 金 額 | M57: 査 定 | R57: 査定説明 | AC57: ※新規でのお取引や口座変更があった場合にのみご記入ください。
B58: 注文金額 | H58: =IF($H$14="","",$H$14) | AC58: 金融機関 | AF58: =IF(請求書!$AF$16="","",請求書!$AF$16)
B59: 既受領金額 | H59: =IF($H$15="","",$H$15) | AC59: 支店名 | AF59: =IF(請求書!$AF$17="","",請求書!$AF$17)
B60: 今回請求金額 | H60: =IF($H$16="","",$H$16) | AC60: （フリガナ）口座名義 | AF60: =IF(請求書!$AF$18="","",請求書!$AF$18)
B61: 今回迄累計 | H61: =IF($H$17="","",$H$17) | AF61: =IF(請求書!$AF$19="","",請求書!$AF$19)
B62: 残高 | H62: =IF($H$18="","",$H$18) | AC62: 預金種別 | AF62: =IF(請求書!$AF$20="","",請求書!$AF$20) -> 普通 | AH62: 口座番号 | AK62: =IF($AK$20="","",$AK$20)
B63: 控除額 | H63: =IF($H$19="","",$H$19)
B64: 消費税 | E64: 0.1 | H64: =IF($H$20="","",$H$20) -> 0 | M64: =IF(M60="","",M60*10%) | AD64: 社長 | AG64: 専務 | AJ64: 常務 | AM64: 現場
B65: 合 計 | H65: =IF($H$21="","",$H$21) -> 0 | M65: =IF(M60="","",SUM(M60-M63,M64))

Sheet 請求明細書
AM1: （経理控） | AN1: ※入力上の注意
AI2: 契約分 | AL2: =IF(請求書!$T$8="","",請求書!$T$8) | AN2: 各現場ごとに作成してください。
AI3: 無契約分 | AL3: =IF(請求書!$T$9="","",請求書!$T$9) | AN3: 契約ごとに作成してください。
AN4: 交通費・材料代・消耗品等の請求は領収書を添付してください。
A5: 工 事 名 | E5: =IF(請求書!$E$8="","",請求書!$E$8) | Z5: 業者名 | AD5: =IF(請求書!$AF$9="","",請求書!$AF$9)
A7: 月日 | C7: 工事内容 | K7: 数 量 | M7: 単 位 | O7: 単 価 | T7: 合計 | AD7: 社内査定
AD8: 保留 | AH8: (%) | AI8: 値引
T9: =+O9*K9 -> 0
T10: =+O10*K10 -> 0
T11: =+O11*K11 -> 0
T12: =+O12*K12 -> 0
T13: =+O13*K13 -> 0
T14: =+O14*K14 -> 0
T15: =+O15*K15 -> 0
T16: =+O16*K16 -> 0
T17: =+O17*K17 -> 0
T18: =+O18*K18 -> 0
T19: =+O19*K19 -> 0
T20: =+O20*K20 -> 0
... T25: =+O25*K25 -> 0
A26: 小 計 | T26: =IF($T$9="","",SUM($T$9:$Y$25)) -> 0 | Z26: =IF($Z$9="","",SUM($Z$9:$AC$25))
AM27: （経理部控②）
AI28: 契約分 | AL28: =IF($AL$2="","",$AL$2)
AI29: 無契約分 | AL29: =IF($AL$3="","",$AL$3)
A30: 工事コード | E30: =IF($E$4="","",$E$4) | Z30: 取引先コード | AD30: =IF($AD$4="","",$AD$4)
A31: 工 事 名 | E31: =IF($E$5="","",$E$5) | J31: =IF(J5="","",J5) | O31: =IF(O5="","",O5) | Z31: 業者名 | AD31: =IF($AD$5="","",$AD$5) | AI31: =IF(AI5="","",AI5)
A33: 月日 | C33: 工事内容 | K33: 数 量 | M33: 単 位 | O33: 単 価 | T33: 今 月 請 求 金 額 | Z33: 累計出来高 | AD33: 社内査定
AD34: 保留 | AH34: (%) | AI34: 値引
A35: =IF($A$9="","",$A$9) | C35: =IF($C$9="","",$C$9) | E35: =IF(E9="","",E9) | G35: =IF(G9="","",G9) | I35: =IF(I9="","",I9) | K35: =IF($K$9="","",$K$9) | M35: =IF($M$9="","",$M$9) | O35: =IF($O$9="","",$O$9) | T35: =IF($T$9="","",$T$9) -> 0 | Z35: =IF($Z$9="","",$Z$9) | AD35: =IF($AD$9="","",$AD$9) | AI35: =IF($AI$9="","",$AI$9)
A36: =IF($A$10="","",$A$10) | C36: =IF($C$10="","",$C$10) | E36: =IF(E10="","",E10) | G36: =IF(G10="","",G10) | I36: =IF(I10="","",I10) | K36: =IF($K$10="","",$K$10) | M36: =IF($M$10="","",$M$10) | O36: =IF($O$10="","",$O$10) | T36: =IF($T$10="","",$T$10) -> 0 | Z36: =IF($Z$10="","",$Z$10) | AD36: =IF($AD$10="","",$AD$10) | AI36: =IF($AI$10="","",$AI$10)
A37: =IF($A$11="","",$A$11) | C37: =IF($C$11="","",$C$11) | E37: =IF(E11="","",E11) | G37: =IF(G11="","",G11) | I37: =IF(I11="","",I11) | K37: =IF($K$11="","",$K$11) | M37: =IF($M$11="","",$M$11) | O37: =IF($O$11="","",$O$11) | T37: =IF($T$11="","",$T$11) -> 0 | Z37: =IF($Z$11="","",$Z$11) | AD37: =IF($AD$11="","",$AD$11) | AI37: =IF($AI$11="","",$AI$11)
A38: =IF($A$12="","",$A$12) | C38: =IF($C$12="","",$C$12) | E38: =IF(E12="","",E12) | G38: =IF(G12="","",G12) | I38: =IF(I12="","",I12) | K38: =IF($K$12="","",$K$12) | M38: =IF($M$12="","",$M$12) | O38: =IF($O$12="","",$O$12) | T38: =IF($T$12="","",$T$12) -> 0 | Z38: =IF($Z$12="","",$Z$12) | AD38: =IF($AD$12="","",$AD$12) | AI38: =IF($AI$12="","",$AI$12)
A39: =IF($A$13="","",$A$13) | C39: =IF($C$13="","",$C$13) | E39: =IF(E13="","",E13) | G39: =IF(G13="","",G13) | I39: =IF(I13="","",I13) | K39: =IF($K$13="","",$K$13) | M39: =IF($M$13="","",$M$13) | O39: =IF($O$3="","",$O$13) | T39: =IF($T$13="","",$T$13) -> 0 | Z39: =IF($Z$13="","",$Z$13) | AD39: =IF($AD$13="","",$AD$13) | AI39: =IF($AI$13="","",$AI$13)
A40: =IF($A$14="","",$A$14) | C40: =IF($C$14="","",$C$14) | E40: =IF(E14="","",E14) | G40: =IF(G14="","",G14) | I40: =IF(I14="","",I14) | K40: =IF($K$14="","",$K$14) | M40: =IF($M$14="","",$M$14) | O40: =IF($O$14="","",$O$14) | T40: =IF($T$14="","",$T$14) -> 0 | Z40: =IF($Z$14="","",$Z$14) | AD40: =IF($AD$14="","",$AD$14) | AI40: =IF($AI$14="","",$AI$14)
A41: =IF($A$15="","",$A$15) | C41: =IF($C$15="","",$C$15) | E41: =IF(E15="","",E15) | G41: =IF(G15="","",G15) | I41: =IF(I15="","",I15) | K41: =IF($K$15="","",$K$15) | M41: =IF($M$15="","",$M$15) | O41: =IF($O$15="","",$O$15) | T41: =IF($T$15="","",$T$15) -> 0 | Z41: =IF($Z$15="","",$Z$15) | AD41: =IF($AD$15="","",$AD$15) | AI41: =IF($AI$15="","",$AI$15)
A42: =IF($A$16="","",$A$16) | C42: =IF($C$16="","",$C$16) | E42: =IF(E16="","",E16) | G42: =IF(G16="","",G16) | I42: =IF(I16="","",I16) | K42: =IF($K$16="","",$K$16) | M42: =IF($M$16="","",$M$16) | O42: =IF($O$16="","",$O$16) | T42: =IF($T$16="","",$T$16) -> 0 | Z42: =IF($Z$16="","",$Z$16) | AD42: =IF($AD$16="","",$AD$16) | AI42: =IF($AI$16="","",$AI$16)
A43: =IF($A$17="","",$A$17) | C43: =IF($C$17="","",$C$17) | E43: =IF(E17="","",E17) | G43: =IF(G17="","",G17) | I43: =IF(I17="","",I17) | K43: =IF($K$17="","",$K$17) | M43: =IF($M$17="","",$M$17) | O43: =IF($O$17="","",$O$17) | T43: =IF($T$17="","",$T$17) -> 0 | Z43: =IF($Z$17="","",$Z$17) | AD43: =IF($AD$17="","",$AD$17) | AI43: =IF($AI$17="","",$AI$17)
A44: =IF($A$18="","",$A$18) | C44: =IF($C$18="","",$C$18) | E44: =IF(E18="","",E18) | G44: =IF(G18="","",G18) | I44: =IF(I18="","",I18) | K44: =IF($K418="","",$K$18) | M44: =IF($M$18="","",$M$18) | O44: =IF($O$18="","",$O$18) | T44: =IF($T$18="","",$T$18) -> 0 | Z44: =IF($Z$18="","",$Z$18) | AD44: =IF($AD$18="","",$AD$18) | AI44: =IF($AI$18="","",$AI$18)
A45: =IF($A$19="","",$A$19) | C45: =IF($C$19="","",$C$19) | E45: =IF(E19="","",E19) | G45: =IF(G19="","",G19) | I45: =IF(I19="","",I19) | K45: =IF($K$19="","",$K$19) | M45: =IF($M$19="","",$M$19) | O45: =IF($O$19="","",$O$19) | T45: =IF($T$19="","",$T$19) -> 0 | Z45: =IF($Z$19="","",$Z$19) | AD45: =IF($AD$19="","",$AD$19) | AI45: =IF($AI$19="","",$AI$19)
A46: =IF($A$20="","",$A$20) | C46: =IF($C$20="","",$C$20) | E46: =IF(E20="","",E20) | G46: =IF(G20="","",G20) | I46: =IF(I20="","",I20) | K46: =IF($K$20="","",$K$20) | M46: =IF($M$20="","",$M$20) | O46: =IF($O$20="","",$O$20) | T46: =IF($T$20="","",$T$20) -> 0 | Z46: =IF($Z$20="","",$Z$20) | AD46: =IF($AD$20="","",$AD$20) | AI46: =IF($AI$20="","",$AI$20)
A47: =IF($A$21="","",$A$21) | C47: =IF($C$21="","",$C$21) | E47: =IF(E21="","",E21) | G47: =IF(G21="","",G21) | I47: =IF(I21="","",I21) | K47: =IF($K$21="","",$K$21) | M47: =IF($M$21="","",$M$21) | O47: =IF($O$21="","",$O$21) | T47: =IF($T$21="","",$T$21) -> 0 | Z47: =IF($Z$21="","",$Z$21) | AD47: =IF($AD$21="","",$AD$21) | AI47: =IF($AI$21="","",$AI$21)
A48: =IF($A$22="","",$A$22) | C48: =IF($C$22="","",$C$22) | E48: =IF(E22="","",E22) | G48: =IF(G22="","",G22) | I48: =IF(I22="","",I22) | K48: =IF($K$22="","",$K$22) | M48: =IF($M$22="","",$M$22) | O48: =IF($O$22="","",$O$22) | T48: =IF($T$22="","",$T$22) -> 0 | Z48: =IF($Z$22="","",$Z$22) | AD48: =IF($AD$22="","",$AD$22) | AI48: =IF($AI$22="","",$AI$22)
A49: =IF($A$23="","",$A$23) | C49: =IF($C$23="","",$C$23) | E49: =IF(E23="","",E23) | G49: =IF(G23="","",G23) | I49: =IF(I23="","",I23) | K49: =IF($K$23="","",$K$23) | M49: =IF($M$23="","",$M$23) | O49: =IF($O$23="","",$O$23) | T49: =IF($T$23="","",$T$23) -> 0 | Z49: =IF($Z$23="","",$Z$23) | AD49: =IF($AD$23="","",$AD$23) | AI49: =IF($AI$23="","",$AI$23)
A50: =IF($A$24="","",$A$24) | C50: =IF($C$24="","",$C$24) | E50: =IF(E24="","",E24) | G50: =IF(G24="","",G24) | I50: =IF(I24="","",I24) | K50: =IF($K$24="","",$K$24) | M50: =IF($M$24="","",$M$24) | O50: =IF($O$24="","",$O$24) | T50: =IF($T$24="","",$T$24) -> 0 | Z50: =IF($Z$24="","",$Z$24) | AD50: =IF($AD$24="","",$AD$24) | AI50: =IF($AI$24="","",$AI$24)
A51: =IF($A$25="","",$A$25) | C51: =IF($C$25="","",$C$25) | E51: =IF(E25="","",E25) | G51: =IF(G25="","",G25) | I51: =IF(I25="","",I25) | K51: =IF($K$25="","",$K$25) | M51: =IF($M$25="","",$M$25) | O51: =IF($O$25="","",$O$25) | T51: =IF($T$25="","",$T$25) -> 0 | Z51: =IF($Z$25="","",$Z$25) | AD51: =IF($AD$25="","",$AD$25) | AI51: =IF($AI$25="","",$AI$25)
A52: 小 計 | T52: =IF($T$26="","",$T$26) -> 0 | Z52: =IF($Z$26="","",$Z$26) | AD52: =IF($AD$26="","",$AD$26) | AI52: =IF(AI26="","",AI26)
AM53: （電算控③）
AI54: 契約分 | AL54: =IF($AL$2="","",$AL$2)
AI55: 無契約分 | AL55: =IF($AL$3="","",$AL$3)
A56: 工事コード | E56: =IF($E$4="","",$E$4) | Z56: 取引先コード | AD56: =IF($AD$4="","",$AD$4)
A57: 工 事 名 | E57: =IF($E$5="","",$E$5) | J57: =IF(J31="","",J31) | O57: =IF(O31="","",O31) | Z57: 業者名 | AD57: =IF($AD$5="","",$AD$5) | AI57: =IF(AI31="","",AI31)
A59: 月日 | C59: 工事内容 | K59: 数 量 | M59: 単 位 | O59: 単 価 | T59: 今 月 請 求 金 額 | Z59: 累計出来高 | AD59: 社内査定
AD60: 保留 | AH60: (%) | AI60: 値引
A61: =IF($A$9="","",$A$9) | C61: =IF($C$9="","",$C$9) | E61: =IF(E35="","",E35) | G61: =IF(G35="","",G35) | I61: =IF(I35="","",I35) | K61: =IF($K$9="","",$K$9) | M61: =IF($M$9="","",$M$9) | O61: =IF($O$9="","",$O$9) | T61: =IF($T$9="","",$T$9) -> 0 | Z61: =IF($Z$9="","",$Z$9) | AD61: =IF($AD$9="","",$AD$9) | AI61: =IF($AI$9="","",$AI$9)
A62: =IF($A$10="","",$A$10) | C62: =IF($C$10="","",$C$10) | E62: =IF(E36="","",E36) | G62: =IF(G36="","",G36) | I62: =IF(I36="","",I36) | K62: =IF($K$10="","",$K$10) | M62: =IF($M$10="","",$M$10) | O62: =IF($O$10="","",$O$10) | T62: =IF($T$10="","",$T$10) -> 0 | Z62: =IF($Z$10="","",$Z$10) | AD62: =IF($AD$10="","",$AD$10) | AI62: =IF($AI$10="","",$AI$10)
A63: =IF($A$11="","",$A$11) | C63: =IF($C$11="","",$C$11) | E63: =IF(E37="","",E37) | G63: =IF(G37="","",G37) | I63: =IF(I37="","",I37) | K63: =IF($K$11="","",$K$11) | M63: =IF($M$11="","",$M$11) | O63: =IF($O$11="","",$O$11) | T63: =IF($T$11="","",$T$11) -> 0 | Z63: =IF($Z$11="","",$Z$11) | AD63: =IF($AD$11="","",$AD$11) | AI63: =IF($AI$11="","",$AI$11)
A64: =IF($A$12="","",$A$12) | C64: =IF($C$12="","",$C$12) | E64: =IF(E38="","",E38) | G64: =IF(G38="","",G38) | I64: =IF(I38="","",I38) | K64: =IF($K$12="","",$K$12) | M64: =IF($M$12="","",$M$12) | O64: =IF($O$12="","",$O$12) | T64: =IF($T$12="","",$T$12) -> 0 | Z64: =IF($Z$12="","",$Z$12) | AD64: =IF($AD$12="","",$AD$12) | AI64: =IF($AI$12="","",$AI$12)
A65: =IF($A$13="","",$A$13) | C65: =IF($C$13="","",$C$13) | E65: =IF(E39="","",E39) | G65: =IF(G39="","",G39) | I65: =IF(I39="","",I39) | K65: =IF($K$13="","",$K$13) | M65: =IF($M$13="","",$M$13) | O65: =IF($O$3="","",$O$13) | T65: =IF($T$13="","",$T$13) -> 0 | Z65: =IF($Z$13="","",$Z$13) | AD65: =IF($AD$13="","",$AD$13) | AI65: =IF($AI$13="","",$AI$13)
A66: =IF($A$14="","",$A$14) | C66: =IF($C$14="","",$C$14) | E66: =IF(E40="","",E40) | G66: =IF(G40="","",G40) | I66: =IF(I40="","",I40) | K66: =IF($K$14="","",$K$14) | M66: =IF($M$14="","",$M$14) | O66: =IF($O$14="","",$O$14) | T66: =IF($T$14="","",$T$14) -> 0 | Z66: =IF($Z$14="","",$Z$14) | AD66: =IF($AD$14="","",$AD$14) | AI66: =IF($AI$14="","",$AI$14)
A67: =IF($A$15="","",$A$15) | C67: =IF($C$15="","",$C$15) | E67: =IF(E41="","",E41) | G67: =IF(G41="","",G41) | I67: =IF(I41="","",I41) | K67: =IF($K$15="","",$K$15) | M67: =IF($M$15="","",$M$15) | O67: =IF($O$15="","",$O$15) | T67: =IF($T$15="","",$T$15) -> 0 | Z67: =IF($Z$15="","",$Z$15) | AD67: =IF($AD$15="","",$AD$15) | AI67: =IF($AI$15="","",$AI$15)
A68: =IF($A$16="","",$A$16) | C68: =IF($C$16="","",$C$16) | E68: =IF(E42="","",E42) | G68: =IF(G42="","",G42) | I68: =IF(I42="","",I42) | K68: =IF($K$16="","",$K$16) | M68: =IF($M$16="","",$M$16) | O68: =IF($O$16="","",$O$16) | T68: =IF($T$16="","",$T$16) -> 0 | Z68: =IF($Z$16="","",$Z$16) | AD68: =IF($AD$16="","",$AD$16) | AI68: =IF($AI$16="","",$AI$16)
A69: =IF($A$17="","",$A$17) | C69: =IF($C$17="","",$C$17) | E69: =IF(E43="","",E43) | G69: =IF(G43="","",G43) | I69: =IF(I43="","",I43) | K69: =IF($K$17="","",$K$17) | M69: =IF($M$17="","",$M$17) | O69: =IF($O$17="","",$O$17) | T69: =IF($T$17="","",$T$17) -> 0 | Z69: =IF($Z$17="","",$Z$17) | AD69: =IF($AD$17="","",$AD$17) | AI69: =IF($AI$17="","",$AI$17)
A70: =IF($A$18="","",$A$18) | C70: =IF($C$18="","",$C$18) | E70: =IF(E44="","",E44) | G70: =IF(G44="","",G44) | I70: =IF(I44="","",I44) | K70: =IF($K444="","",$K$18) | M70: =IF($M$18="","",$M$18) | O70: =IF($O$18="","",$O$18) | T70: =IF($T$18="","",$T$18) -> 0 | Z70: =IF($Z$18="","",$Z$18) | AD70: =IF($AD$18="","",$AD$18) | AI70: =IF($AI$18="","",$AI$18)
A71: =IF($A$19="","",$A$19) | C71: =IF($C$19="","",$C$19) | E71: =IF(E45="","",E45) | G71: =IF(G45="","",G45) | I71: =IF(I45="","",I45) | K71: =IF($K$19="","",$K$19) | M71: =IF($M$19="","",$M$19) | O71: =IF($O$19="","",$O$19) | T71: =IF($T$19="","",$T$19) -> 0 | Z71: =IF($Z$19="","",$Z$19) | AD71: =IF($AD$19="","",$AD$19) | AI71: =IF($AI$19="","",$AI$19)
A72: =IF($A$20="","",$A$20) | C72: =IF($C$20="","",$C$20) | E72: =IF(E46="","",E46) | G72: =IF(G46="","",G46) | I72: =IF(I46="","",I46) | K72: =IF($K$20="","",$K$20) | M72: =IF($M$20="","",$M$20) | O72: =IF($O$20="","",$O$20) | T72: =IF($T$20="","",$T$20) -> 0 | Z72: =IF($Z$20="","",$Z$20) | AD72: =IF($AD$20="","",$AD$20) | AI72: =IF($AI$20="","",$AI$20)
A73: =IF($A$21="","",$A$21) | C73: =IF($C$21="","",$C$21) | E73: =IF(E47="","",E47) | G73: =IF(G47="","",G47) | I73: =IF(I47="","",I47) | K73: =IF($K$21="","",$K$21) | M73: =IF($M$21="","",$M$21) | O73: =IF($O$21="","",$O$21) | T73: =IF($T$21="","",$T$21) -> 0 | Z73: =IF($Z$21="","",$Z$21) | AD73: =IF($AD$21="","",$AD$21) | AI73: =IF($AI$21="","",$AI$21)
A74: =IF($A$22="","",$A$22) | C74: =IF($C$22="","",$C$22) | E74: =IF(E48="","",E48) | G74: =IF(G48="","",G48) | I74: =IF(I48="","",I48) | K74: =IF($K$22="","",$K$22) | M74: =IF($M$22="","",$M$22) | O74: =IF($O$22="","",$O$22) | T74: =IF($T$22="","",$T$22) -> 0 | Z74: =IF($Z$22="","",$Z$22) | AD74: =IF($AD$22="","",$AD$22) | AI74: =IF($AI$22="","",$AI$22)
A75: =IF($A$23="","",$A$23) | C75: =IF($C$23="","",$C$23) | E75: =IF(E49="","",E49) | G75: =IF(G49="","",G49) | I75: =IF(I49="","",I49) | K75: =IF($K$23="","",$K$23) | M75: =IF($M$23="","",$M$23) | O75: =IF($O$23="","",$O$23) | T75: =IF($T$23="","",$T$23) -> 0 | Z75: =IF($Z$23="","",$Z$23) | AD75: =IF($AD$23="","",$AD$23) | AI75: =IF($AI$23="","",$AI$23)
A76: =IF($A$24="","",$A$24) | C76: =IF($C$24="","",$C$24) | E76: =IF(E50="","",E50) | G76: =IF(G50="","",G50) | I76: =IF(I50="","",I50) | K76: =IF($K$24="","",$K$24) | M76: =IF($M$24="","",$M$24) | O76: =IF($O$24="","",$O$24) | T76: =IF($T$24="","",$T$24) -> 0 | Z76: =IF($Z$24="","",$Z$24) | AD76: =IF($AD$24="","",$AD$24) | AI76: =IF($AI$24="","",$AI$24)
A77: =IF($A$25="","",$A$25) | C77: =IF($C$25="","",$C$25) | E77: =IF(E51="","",E51) | G77: =IF(G51="","",G51) | I77: =IF(I51="","",I51) | K77: =IF($K$25="","",$K$25) | M77: =IF($M$25="","",$M$25) | O77: =IF($O$25="","",$O$25) | T77: =IF($T$25="","",$T$25) -> 0 | Z77: =IF($Z$25="","",$Z$25) | AD77: =IF($AD$25="","",$AD$25) | AI77: =IF($AI$25="","",$AI$25)
A78: 小 計 | T78: =IF($T$26="","",$T$26) -> 0 | Z78: =IF($Z$26="","",$Z$26) | AD78: =IF($AD$26="","",$AD$26) | AI78: =IF(AI52="","",AI52)
